 Dungeon Crawl Stone Soup version 0.17-a0-2027-gcac42c4 (webtiles) character file.

14983 radek the Fighter (level 11, -2/102 HPs)
             Began as a Minotaur Berserker on Oct 10, 2015.
             Was a High Priest of Trog.
             Shot with a sling bullet by Joseph (5 damage)
             ... on level 1 of the Lair of Beasts.
             The game lasted 01:53:43 (12034 turns).

radek the Fighter (Minotaur Berserker)             Turns: 12034, Time: 01:53:43

Health: -2/102     AC: 15    Str: 25    XL:     11   Next: 95%
Magic:  10/10      EV: 14    Int:  4    God:    Trog [*****.]
Gold:   401        SH:  5    Dex: 10    Spells: 0 memorised, 10 levels left

rFire  + . .     SeeInvis .     G - +4 falchion
rCold  . . .     Clarity  .     A - +2 ring mail {rF+}
rNeg   . . .     SustAt   .     q - +0 buckler
rPois  .         Gourm    .     (helmet restricted)
rElec  .         Spirit   .     (no cloak)
rCorr  +         Warding  .     V - +0 pair of gloves
rMut   .         Stasis   .     i - +0 pair of boots
MR     +....                    l - amulet of resist corrosion
Stlth  +.........               b - +3 ring of protection
                                z - ring of protection from magic

@: exhausted, slowed, very slow, somewhat resistant to hostile enchantments,
very unstealthy
A: retaliatory headbutt, horns 2
a: Burn Spellbooks, Berserk, Trog's Hand, Brothers in Arms, Renounce Religion


You were on level 1 of the Lair of Beasts.
You worshipped Trog.
Trog was extremely pleased with you.
You were not hungry.

You visited 3 branches of the dungeon, and saw 13 of its levels.

You collected 517 gold pieces.
You spent 116 gold pieces at shops.

Inventory:

Hand Weapons
 y - a +2 battleaxe
 G - a +4 falchion (weapon)
Missiles
 M - 5 javelins (quivered)
Armour
 i - a +0 pair of boots (worn)
 q - a +0 buckler (worn)
 A - a +2 ring mail of fire resistance (worn)
 H - the +6 chain mail of the Shoals {rElec MR+ Str-4 SInv Stlth+}
   (You found it on level 5 of the Dungeon)

   It affects your strength (-4).
   It insulates you from electricity.
   It affects your resistance to hostile enchantments.
   It lets you see invisible.
   It makes you more stealthy.
 V - a +0 pair of gloves (worn)
Jewellery
 a - an uncursed ring of see invisible
 b - a +3 ring of protection (right hand)
 l - an amulet of resist corrosion (around neck)
 m - an uncursed ring of protection from fire
 n - an uncursed ring of poison resistance
 w - a +2 ring of intelligence
 z - a ring of protection from magic (left hand)
 L - an uncursed ring of ice
Wands
 u - a wand of polymorph (17)
 v - a wand of paralysis (13)
 x - a wand of fire (10)
 B - a wand of hasting (7)
 D - a wand of magic darts (18)
 Q - a wand of lightning (3)
Scrolls
 c - a scroll of brand weapon {unknown}
 d - 2 scrolls of teleportation {unknown}
 e - 3 scrolls of immolation
 g - 5 scrolls of remove curse
 j - 4 scrolls of identify
 s - 4 scrolls of blinking {unknown}
 t - a scroll of vulnerability {unknown}
 C - a scroll of fear {unknown}
 F - a scroll of enchant armour {unknown}
 P - a scroll of holy word {unknown}
 R - a scroll of silence {unknown}
 U - 2 scrolls of amnesia {unknown}
 X - 2 scrolls of enchant weapon {unknown}
Potions
 f - 4 potions of might {unknown}
 h - 2 potions of lignification {unknown}
 k - 5 potions of curing
 o - 3 potions of poison {unknown}
 p - 2 potions of haste {unknown}
 I - 2 potions of ambrosia {unknown}
 J - 2 potions of brilliance {unknown}
 K - a potion of resistance {unknown}
 N - a potion of degeneration {unknown}
 O - 2 potions of mutation {unknown}
 S - 2 potions of agility {unknown}
Books
 Z - a book of Summonings

   Spells                             Type                      Level
   a - Recall                         Summoning/Translocation      3
   b - Aura of Abjuration             Summoning                    5
   c - Shadow Creatures               Summoning                    5
   d - Summon Demon                   Summoning                    5
   e - Summon Forest                  Summoning/Translocation      5
   f - Summon Mana Viper              Hexes/Summoning              5
   Trog disapproves of the use of such an item.
Miscellaneous
 E - a disc of storms
 Y - a plain deck of destruction {Pain}
Comestibles
 W - 17 fruits


   Skills:
 + Level 11.2 Fighting
 + Level 9.7 Long Blades
 + Level 4.6(4.7) Axes
   Level 1.6(3.3) Maces & Flails
 + Level 7.7 Throwing
 + Level 11.0 Armour
 + Level 8.2 Dodging
 + Level 2.4 Stealth
 + Level 5.8 Shields
 + Level 0.5 Evocations


You had 10 spell levels left.
You didn't know any spells.

Dungeon Overview and Level Annotations

Branches:
Dungeon (11/15)            Temple (1/1) D:5            Lair (1/8) D:11
    Orc (0/4) D:9

Altars:
Ashenzari
Cheibriados
Dithmenos
Elyvilon
Fedhas
Gozag
Kikubaaqudgha
Makhleb
Nemelex Xobeh
Okawaru
Qazlal
Ru
Sif Muna
Trog
Vehumet
Xom
Yredelemnul
Zin
The Shining One

Shops:
D:8 [   D:10 [

Annotations:
Lair:1 Joseph


Innate Abilities, Weirdness & Mutations

You reflexively headbutt those who attack you in melee.
You have a pair of horns on your head.


Message History

The yak gores you.
* * * LOW HITPOINT WARNING * * *
You block the yak's attack.
Joseph unwields an uncursed quarterstaff.
Joseph wields an uncursed hunting sling.
Joseph shoots a sling bullet.
The sling bullet hits you.
* * * LOW HITPOINT WARNING * * *
The yak barely misses you. The yak closely misses you.
You see here a sling bullet.
The yak barely misses you. x2
The yak gores you but does no damage. The yak misses you. The yak gores you!
* * * LOW HITPOINT WARNING * * *
Drink which item? (? for menu, Esc to quit)
You feel better. The yak completely misses you. You furiously retaliate!
You headbutt the yak. The yak completely misses you. The yak gores you!
* * * LOW HITPOINT WARNING * * *
The yak gores you but does no damage. The yak gores you.
* * * LOW HITPOINT WARNING * * *
Joseph shoots a sling bullet.
The sling bullet hits you.
You die...

##........#
#...(....##
##...(...##
##........#
#.#......##
##.......#
##....#.#
##...###
##.@...###
#.YYY@...#
#.YY.....#
##..Y....##
#P.......###
##.......#.#
###
#........##
###..
##........##
#.+..
##........#
#....


You could see Joseph and 6 yaks.

Vanquished Creatures
  Erolcha (D:9)
  A hydra (Lair:1)
  4 hill giants
  A flayed ghost (D:9)
  2 cyclopes (D:11)
  2 manticores (D:11)
  Psyche (D:9)
  A komodo dragon (D:11)
  2 spiny frogs (Lair:1)
  A troll (D:11)
  5 wraiths (D:9)
  A deep elf mage (D:11)
  Grum (D:8)
  2 steam dragons
  A hungry ghost (D:7)
  A wyvern (D:9)
  A hippogriff (D:8)
  A warg (D:9)
  4 wolves (D:8)
  3 water moccasins
  Duvessa (D:4)
  6 orc warriors
  An ice beast (D:5)
  5 ogres
  2 phantoms (D:7)
  3 wasps
  A black bear (D:11)
  An eye of draining (D:9)
  14 centaurs
  A giant frog (D:7)
  Dowan (D:4)
  2 big kobolds
  4 scorpions
  3 wights (D:11)
  7 crimson imps
  A centaur zombie (D:10)
  A quasit (D:10)
  3 centaur skeletons
  5 orc priests
  2 jellies (D:5)
  6 hounds
  2 iguanas
  A giant frog zombie (D:8)
  10 orc wizards
  A gnoll shaman (D:3)
  7 worker ants
  A giant frog skeleton (D:10)
  7 sheep (D:11)
  A hound skeleton (D:5)
  13 adders
  16 gnolls
  4 shadow imps
  2 oozes
  An adder zombie (D:3)
  A worm (D:6)
  8 giant geckos
  35 orcs
  21 bats
  8 giant cockroaches
  4 goblins
  4 hobgoblins
  15 kobolds
  4 quokkas
  3 ball pythons
  3 giant newts
  17 jackals
  2 quokka zombies
  8 rats
  20 plants (D:11)
325 creatures vanquished.

Vanquished Creatures (collateral kills)
  Grinder (D:5)
1 creature vanquished.

Vanquished Creatures (others)
  2 plants (D:11)
2 creatures vanquished.

Grand Total: 328 creatures vanquished

Notes
Turn   | Place    | Note
--------------------------------------------------------------
     0 | D:1      | radek the Minotaur Berserker began the quest for the Orb.
     0 | D:1      | Reached XP level 1. HP: 19/19 MP: 0/0
   306 | D:1      | Reached XP level 2. HP: 27/27 MP: 1/1
   323 | D:1      | Reached skill level 4 in Fighting
   499 | D:1      | Found a snail-covered altar of Cheibriados.
   658 | D:1      | Reached XP level 3. HP: 24/33 MP: 2/2
   722 | D:2      | Acquired Trog's second power
  1228 | D:2      | Found a white marble altar of Elyvilon.
  1445 | D:2      | Reached XP level 4. HP: 35/41 MP: 3/3
  1606 | D:2      | Found an opulent altar of Gozag.
  1607 | D:2      | Found a sparkling altar of Nemelex Xobeh.
  2164 | D:3      | Reached skill level 5 in Fighting
  2452 | D:4      | Reached skill level 1 in Shields
  2476 | D:4      | Noticed Duvessa
  2476 | D:4      | Noticed Dowan
  2546 | D:4      | Reached XP level 5. HP: 35/48 MP: 4/4
  2787 | D:4      | Noticed an ogre
  2799 | D:4      | Killed an ogre
  3070 | D:4      | Reached XP level 6. HP: 49/56 MP: 5/5
  3109 | D:5      | Entered Level 5 of the Dungeon
  3212 | D:4      | Killed Duvessa
  3212 | D:4      | Reached skill level 1 in Maces & Flails
  3216 | D:4      | Killed Dowan
  3315 | D:4      | Reached skill level 6 in Fighting
  3470 | D:3      | Reached skill level 1 in Long Blades
  3472 | D:3      | Reached XP level 7. HP: 59/63 MP: 6/6
  3910 | D:5      | Reached skill level 1 in Stealth
  3958 | D:5      | Found a staircase to the Ecumenical Temple.
  3984 | D:5      | Acquired Trog's third power
  4041 | D:5      | Got an ancient chain mail
  4052 | D:5      | Identified the +6 chain mail of the Shoals {rElec MR+ Str-4 SInv Stlth+} (You found it on level 5 of the Dungeon)
  4337 | D:5      | Noticed Grinder
  4352 | D:5      | Killed Grinder
  4352 | D:5      | Reached skill level 5 in Armour
  4352 | D:5      | Reached skill level 5 in Dodging
  4542 | Temple   | Entered the Ecumenical Temple
  4673 | D:5      | Reached XP level 8. HP: 56/71 MP: 7/7
  5005 | D:6      | Reached skill level 7 in Fighting
  5094 | D:6      | You fall through a shaft for 3 floors!
  5133 | D:9      | Found a snail-covered altar of Cheibriados.
  5355 | D:9      | Reached skill level 1 in Throwing
  5494 | D:9      | Noticed Erolcha
  5507 | D:9      | Killed Erolcha
  5507 | D:9      | Reached skill level 8 in Fighting
  5507 | D:9      | Reached skill level 5 in Long Blades
  5507 | D:9      | Reached XP level 9. HP: 81/81 MP: 8/8
  5616 | D:9      | Found a staircase to the Orcish Mines.
  5748 | D:8      | Found Qaobo's Armour Shoppe.
  5757 | D:8      | Bought a +0 pair of boots for 58 gold pieces
  5757 | D:8      | Bought a +0 pair of gloves for 58 gold pieces
  5807 | D:8      | Found a glowing golden altar of the Shining One.
  5807 | D:8      | Found a glowing silver altar of Zin.
  5808 | D:8      | Found a bloodstained altar of Trog.
  5841 | D:8      | Received a gift from Trog
  5995 | D:8      | Noticed Grum
  6010 | D:8      | Killed Grum
  6010 | D:8      | Reached skill level 9 in Armour
  6285 | D:8      | Found a shattered altar of Ashenzari.
  6458 | D:7      | Reached XP level 10. HP: 90/90 MP: 9/9
  7167 | D:7      | Reached skill level 5 in Throwing
  7234 | D:7      | Found a shadowy altar of Dithmenos.
  7473 | D:7      | Received a gift from Trog
  7486 | D:7      | Found a stormy altar of Qazlal.
  8267 | D:9      | Noticed Psyche
  8274 | D:9      | Killed Psyche
  8274 | D:9      | Reached skill level 10 in Armour
  8307 | D:9      | Found a radiant altar of Vehumet.
  8322 | D:9      | Found a burning altar of Makhleb.
  8335 | D:9      | Found a runed door.
  8408 | D:9      | Found a white marble altar of Elyvilon.
  8443 | D:9      | Found a shimmering altar of Xom.
  8498 | D:9      | Found a burning altar of Makhleb.
  8508 | D:9      | Found a glowing golden altar of the Shining One.
  8718 | D:9      | Noticed a flayed ghost
  8728 | D:9      | Killed a flayed ghost
  8728 | D:9      | Reached skill level 10 in Fighting
  8831 | D:10     | Entered Level 10 of the Dungeon
  8906 | D:10     | Found Rionatu's Armour Emporium.
  9155 | D:10     | Reached XP level 11. HP: 99/99 MP: 10/10
  9212 | D:10     | Noticed a hill giant
  9222 | D:10     | Killed a hill giant
  9414 | D:10     | Noticed a hill giant
  9425 | D:10     | Killed a hill giant
 10478 | D:11     | Reached skill level 5 in Shields
 10890 | D:11     | Found a staircase to the Lair.
 10900 | D:11     | Noticed a hill giant
 11013 | D:11     | Killed a hill giant
 11296 | D:11     | Received a gift from Trog
 11483 | D:11     | Noticed a hill giant
 11493 | D:11     | Killed a hill giant
 11721 | D:11     | Reached skill level 11 in Armour
 11920 | Lair:1   | Entered Level 1 of the Lair of Beasts
 11994 | Lair:1   | Noticed Joseph
 11994 | Lair:1   | Noticed a five-headed hydra
 12013 | Lair:1   | Killed a ten-headed hydra
 12034 | Lair:1   | HP: 3/102 [yak (6)]
 12034 | Lair:1   | Shot with a sling bullet by Joseph

Vault maps used:
D:1:      minmay_arrival_semitransparent, cheibriados_altar_1
D:2:      grunt_temple_overflow_opulence, first_bread, grunt_ministairs_5,
          elyvilon_altar_4
D:3:      serial_bayou_pond_e
D:4:      uniq_duvessa
D:5:      minmay_temple_entry_statues_fountains, uniq_grinder
D:6:      grunt_ministairs_4
D:7:      kennysheep_mini, nicolae_dithmenos_shadow_blocks
D:8:      nicolae_overflow_quartered_altars, serial_shops, shop, uniq_grum
D:9:      due_megacathedral, david_orc_3, blue_anna_alchemist,
          lemuel_tele_altar, uniq_erolcha, uniq_psyche
D:10:     serial_shops, shop
D:11:     david_lair_shrubbed
Temple:   water_room_temple_b_12
Lair:1:   grunt_megastairs_3, uniq_joseph, uniq_urug, uniq_gastronok

Action                   |  1- 3 |  4- 6 |  7- 9 | 10-12 || total
-------------------------+-------+-------+-------+-------++-------
Melee: Hand axe          |   103 |    57 |       |       ||   160
       Flail             |       |    44 |       |       ||    44
       Falchion          |       |    50 |   248 |   699 ||   997
Throw: Javelin           |       |       |    35 |    79 ||   114
       Tomahawk          |       |       |       |     9 ||     9
Invok: Berserk           |       |     2 |     4 |     3 ||     9
       Brothers in Arms  |       |       |     1 |       ||     1
Evoke: Wand              |       |       |       |     1 ||     1
  Use: Scroll            |       |     3 |       |     7 ||    10
       Potion            |       |       |       |     4 ||     4
 Stab: Sleeping          |     1 |       |       |       ||     1
  Eat: Royal jelly       |     1 |       |       |       ||     1
       Chunk             |       |     7 |     4 |     4 ||    15
       Meat ration       |       |       |     2 |     2 ||     4
       Beef jerky        |       |       |     1 |     1 ||     2
       Fruit             |       |       |       |     9 ||     9
